 Dungeon Crawl Stone Soup version 0.29-a0-506-ga2e7fffb44 (webtiles) character file.

Game seed: 5522378065955382621

1239 zeratav the Cleaver (level 8, -2/64 HPs)
             Began as a Minotaur Fighter on May 28, 2022.
             Slain by a yak (5 damage)
             ... on level 5 of the Dungeon.
             The game lasted 00:05:21 (3797 turns).

zeratav the Cleaver (Minotaur Fighter)              Turns: 3797, Time: 00:05:22

Health: -2/64      AC: 10    Str: 30    XL:     8   Next: 25%
Magic:  2/2        EV:  9    Int:  5    God:
Gold:   161        SH:  4    Dex:  9    Spells: 7/7 levels left

rFire   . . .      SeeInvis .   y - +9 hand axe "Haaniun" {antimagic, rN++, axe}
rCold   . . .      Faith    .   c - +0 buckler
rNeg    + + .      Spirit   .   b - +0 scale mail
rPois   .          Reflect  .   (helmet restricted)
rElec   .          Harm     .   (no cloak)
rCorr   .          Rampage  .   (no gloves)
Will    .....                   (no boots)
Stlth   ..........              (no amulet)
HPRegen 0.20/turn               w - +4 ring of protection
MPRegen 0.08/turn               p - +6 ring of strength

@: no status effects
A: horns 2, retaliatory headbutt
a: no special abilities


You were on level 5 of the Dungeon.
You visited 1 branch of the dungeon, and saw 5 of its levels.

You collected 175 gold pieces.
You spent 14 gold pieces at shops.


Innate Abilities, Weirdness & Mutations

You have a pair of horns on your head.
You reflexively headbutt those who attack you in melee.


   Skills:
 - Level 3.6 Fighting
 + Level 12.0 Axes
 - Level 0.4(7.6) Maces & Flails
 - Level 3.6 Armour
 - Level 3.6 Shields


You had 7 spell levels left.
You didn't know any spells.
Your spell library contained the following spells:

 Spells                   Type           Power      Damage    Failure   Level
 Blink                    Tloc           0%         N/A       91%         2
 Sublimation of Blood     Necr           0%         N/A       91%         2
 Lesser Beckoning         Tloc           0%         N/A       99%         3
 Petrify                  Tmut/Erth      0%         N/A       100%        4
 Irradiate                Conj/Tmut      0%         3d13      100%        5
 Manifold Assault         Tloc           0%         N/A       100%        5

Inventory:

Hand Weapons
 y - the +9 hand axe "Haaniun" (weapon) {antimagic, rN++, axe}
   (You found it on level 3 of the Dungeon)

   It reduces the magical energy of the wielder, and disrupts the spells and
   magical abilities of those it strikes.
   Natural abilities and divine invocations are not affected.
   rN:        It greatly protects you from negative energy.
 G - a +5 flail of protection {mace}
   (You took it off Edmund on level 4 of the Dungeon)
Armour
 b - a +0 scale mail (worn)
 c - a +0 buckler (worn)
 k - a +0 ring mail
   (You found it on level 5 of the Dungeon)
 m - a +0 leather armour
   (You took it off an orc on level 5 of the Dungeon)
 r - a +4 ring mail
   (You took it off an orc priest on level 5 of the Dungeon)
 x - a +2 tower shield
   (You found it on level 2 of the Dungeon)
 B - a +0 ring mail
   (You took it off an orc on level 5 of the Dungeon)
 C - a +0 robe
   (You found it on level 5 of the Dungeon)
Jewellery
 e - a ring of protection from fire
   (You found it on level 1 of the Dungeon)
 h - a ring of see invisible
   (You found it on level 1 of the Dungeon)
 p - a +6 ring of strength (right hand)
   (You found it on level 2 of the Dungeon)
 s - a ring of willpower
   (You found it on level 3 of the Dungeon)
 v - a ring of resist corrosion
   (You found it on level 2 of the Dungeon)
 w - a +4 ring of protection (left hand)
   (You found it on level 2 of the Dungeon)
Wands
 o - a wand of mindburst (15)
   (You found it on level 2 of the Dungeon)
Scrolls
 a - a scroll of enchant armour {unknown}
 f - 7 scrolls of identify {unknown}
 q - 2 scrolls of teleportation {unknown}
 u - 2 scrolls of fog {unknown}
 z - a scroll of fear {unknown}
 A - a scroll of blinking {unknown}
Potions
 d - 2 potions of might
 g - 3 potions of berserk rage {unknown}
 i - a potion of invisibility {unknown}
 j - a potion of mutation {unknown}
 l - 4 potions of haste {unknown}
 n - 2 potions of curing {unknown}
 t - 2 potions of lignification {unknown}
 H - 2 potions of brilliance {unknown}

Dungeon Overview and Level Annotations

Branches:
Dungeon (5/15)
 Temple: D:4-7

Altars:
Kikubaaqudgha

Shops:
D:4

!= #.......#
#..
#.......###..#
#........#..#
#.........#
#.......#
#..c.h# #Y†.#
##@# ##.##
###..#
#..###...##
#........#
##..##...## #.
##...## #
##...# ###
##..## #....


You could see a yak, a centaur and a hound.


Message History

No target in view!
No target in view!
No target in view!
No target in view!
No target in view!
No target in view!
No target in view!
No target in view!
No target in view!
No target in view!
No target in view!
No target in view!
No target in view!
No target in view!
No target in view!
No target in view!
No target in view!
You now have 161 gold pieces (gained 14).
A yak comes into view.
The yak bellows!
You hear a shout!
The yak moves out of view.
HP[+6]
Your hp is fully restored (64).
A centaur comes into view.
A yak comes into view.
There are monsters nearby! 2 yaks come into view.
The centaur shouts!
The yak bellows! x2
The centaur wields a +0 shortbow.
The centaur shoots an arrow.
The arrow hits you but does no damage.
You barely miss the yak.
The centaur shoots an arrow.
You block the arrow. The yak gores you.
You slash the yak! Your headbutt misses the yak.
The centaur shoots an arrow.
The arrow hits you. The yak gores you.
You slash the yak! You hit the yak. You slash the yak!
You headbutt the yak, but do no damage. You hit the yak but do no damage.
You block the yak's attack.
You slash the yak! You headbutt the yak. You closely miss the yak.
The yak gores you!
You slash the yak!
You kill the yak!
You hit the yak. x2; The yak gores you but does no damage. x2
Your Axes skill increases to level 12!
You slash the yak!
You hit the yak. x2; The yak gores you but does no damage.
The yak gores you. The yak gores you but does no damage.
HP[-18]
You take 18 damage, and now have 46/64 hp.
MASSIVE DAMAGE!! (PAUSE)
You are too injured to fight recklessly!
You are too injured to fight recklessly!
You are too injured to fight recklessly!
You are too injured to fight recklessly!
You are too injured to fight recklessly!
You are too injured to fight recklessly!
You are too injured to fight recklessly!
You are too injured to fight recklessly!
You are too injured to fight recklessly!
You are too injured to fight recklessly!
You are too injured to fight recklessly!
You are too injured to fight recklessly!
You are too injured to fight recklessly!
You are too injured to fight recklessly!
You are too injured to fight recklessly!
You are too injured to fight recklessly!
You slash the yak! You headbutt the yak! You slash the yak!
You barely miss the yak. You hit the yak. Your headbutt misses the yak.
You hit the yak. You slash the yak! The yak gores you! x2
* * * LOW HITPOINT WARNING * * *
The yak barely misses you.
A hound comes into view.
HP[-20]
You take 20 damage, and now have 26/64 hp.
MASSIVE DAMAGE!! (PAUSE)
You barely miss the yak.
You hit the yak. x2; The yak closely misses you.
The yak gores you.
* * * LOW HITPOINT WARNING * * *
The yak gores you!
* * * LOW HITPOINT WARNING * * *
HP[-15]
You take 15 damage, and now have 11/64 hp.
MASSIVE DAMAGE!! (PAUSE)
You closely miss the yak. You headbutt the yak, but do no damage.
You hit the yak. You slash the yak! The yak misses you.
You furiously retaliate!
You headbutt the yak! You block the yak's attack. The yak barely misses you.
You closely miss the yak. x2; You hit the yak.
HP[+1]
You hit the yak. x2; You completely miss the yak.
The yak barely misses you. x2
The yak gores you.
* * * LOW HITPOINT WARNING * * *
HP[-4]
You take 4 damage, and now have 8/64 hp.
You slash the yak!
You kill the yak!
You slash the yak!
You kill the yak!
You barely miss the yak.
The centaur shoots an arrow.
The arrow hits you.
* * * LOW HITPOINT WARNING * * *
The yak gores you.
You die...

Skill      XL: |  1  2  3  4  5  6  7  8 |
---------------+-------------------------+-----
Axes           | 3 4 5 7 9 11 12 | 12.0
Fighting       | |  3.6
Maces & Flails | |  0.4
Armour         | |  3.6
Shields        | |  3.6

Action                   |  1- 3 |  4- 6 |  7- 9 || total
-------------------------+-------+-------+-------++-------
Melee: War axe           |    46 |       |       ||    46
       Headbutt          |     5 |     5 |    10 ||    20
       Mace              |    15 |       |       ||    15
       Hand axe          |     6 |    50 |    69 ||   125
Armor: Scale mail        |    24 |    24 |    19 ||    67
Dodge: Dodged            |    23 |    13 |    20 ||    56
Block: Buckler           |    14 |     6 |    13 ||    33

Levels and vault maps discovered:
D:1:      psy_arrival_fountain, layout_loops_corners, grunt_decor_junction,
          minmay_tetromino_i2
D:2:      layout_basic, shapermc_ecumenical_altar_ellora
D:3:      minmay_chambers_of_threes, layout_basic,
          mainiacjoe_overflow_six_doors_small, uniq_terence, uniq_grinder,
          uniq_natasha
D:4:      layout_rooms, serial_shops, nicolae_inconvenience_store, shop,
          hangedman_decor_push, uniq_menkaure, uniq_edmund, uniq_duvessa
D:5:      layout_cave_pods

Notes
Turn   | Place    | Note
-------+----------+-------------------------------------------
     0 | D:1      | zeratav the Minotaur Fighter began the quest for the Orb.
     0 | D:1      | Reached XP level 1. HP: 19/19 MP: 0/0
     0 | D:1      | magus.rc [v1.9.6]
   149 | D:1      | Reached skill level 3 in Axes
   180 | D:1      | Reached XP level 2. HP: 22/26 MP: 1/1
   619 | D:1      | Reached skill level 4 in Axes
   628 | D:1      | Reached XP level 3. HP: 11/31 MP: 2/2
  1135 | D:2      | Found a faded altar of an unknown god.
  1212 | D:2      | Identified the +5 mace "Mouf" {vorpal, *Rage rF++ Int+3}
  1319 | D:2      | Reached skill level 5 in Axes
  1807 | D:3      | Identified the +9 hand axe "Haaniun" {antimagic, rN++}
  1936 | D:3      | Noticed Natasha
  1940 | D:3      | Noticed Grinder
  1942 | D:3      | Killed Natasha
  1943 | D:3      | Reached XP level 4. HP: 35/39 MP: 1/3
  1955 | D:3      | Paralysed by Grinder for 2 turns
  1959 | D:3      | Killed Grinder
  1960 | D:3      | Reached skill level 7 in Axes
  1960 | D:3      | Reached XP level 5. HP: 38/45 MP: 1/4
  1960 | D:3      | Reached XP level 6. HP: 43/51 MP: 1/5
  2022 | D:3      | You pick up a book of Spatial Translocations and begin
                  | reading...
  2022 | D:3      | You add the spells Blink, Lesser Beckoning and Manifold
                  | Assault to your library.
  2126 | D:3      | Noticed Natasha
  2130 | D:3      | Killed Natasha
  2208 | D:3      | Noticed Terence
  2215 | D:3      | Killed Terence
  2216 | D:3      | Reached skill level 8 in Axes
  2272 | D:3      | Found an ancient bone altar of Kikubaaqudgha.
  2450 | D:3      | Noticed Natasha
  2457 | D:3      | Killed Natasha
  2719 | D:4      | Found Kicyisic's Distillery.
  2729 | D:4      | Noticed Menkaure
  2736 | D:4      | Killed Menkaure
  2737 | D:4      | Reached skill level 9 in Axes
  2737 | D:4      | Reached XP level 7. HP: 56/57 MP: 2/6
  2771 | D:4      | Reached skill level 10 in Axes
  2803 | D:4      | Found Izeluima's Jewellery Emporium.
  2830 | D:4      | Noticed Edmund
  2843 | D:4      | Killed Edmund
  3031 | D:4      | Noticed Duvessa
  3031 | D:4      | Noticed Dowan
  3036 | D:4      | Killed Dowan
  3039 | D:4      | HP: 11/57 [Duvessa/+0 rapier (10)]
  3041 | D:4      | Killed Duvessa
  3042 | D:4      | Reached skill level 11 in Axes
  3042 | D:4      | Reached XP level 8. HP: 13/64 MP: 2/7
  3461 | D:4      | Bought a potion of degeneration for 14 gold pieces
  3627 | D:5      | Entered Level 5 of the Dungeon
  3636 | D:5      | You pick up a book of Alchemy and begin reading...
  3636 | D:5      | You add the spells Sublimation of Blood, Petrify and
                  | Irradiate to your library.
  3790 | D:5      | Reached skill level 12 in Axes
  3793 | D:5      | HP: 11/64 [yak (11)]
  3797 | D:5      | HP: 3/64 [centaur/arrow (5)]
  3797 | D:5      | Slain by a yak

Vanquished Creatures
  Grinder (D:3)
  3 yaks (D:5)
  Edmund (D:4)
  Menkaure (D:4)
  Duvessa (D:4)
  A phantom (D:4)
  Dowan (D:4)
  3 hounds (D:4)
  3 orc priests
  Natasha (thrice) (D:3)
  Terence (D:3)
  5 adders
  A gnoll (D:1)
  An ufetubus (D:5)
  3 worms
  4 dart slugs
  8 orcs
  8 bats
  6 endoplasms
  5 giant cockroaches
  5 goblins
  7 hobgoblins
  4 jackals (D:1)
  9 ball pythons
  3 frilled lizards
  5 kobolds
  9 rats
102 creatures vanquished.

Table legend:
 A = Non-vault XP
 B = Vault XP
 C = Vault XP percentage of total XP
 D = Non-vault monster count
 E = Vault monster count
 F = Vault count percentage of total count
                 A         B        C        D         E       F
            +---------+---------+-------+---------+---------+-------
      Total |    1261 |     945 |  42.8 |      81 |      21 |  20.6
            +---------+---------+-------+---------+---------+-------
        D:1 |      45 |       2 |   4.3 |      20 |       2 |   9.1
        D:2 |      37 |       0 |   0.0 |      11 |       0 |   0.0
        D:3 |     105 |     376 |  78.2 |      19 |      15 |  44.1
        D:4 |     333 |     567 |  63.0 |      21 |       4 |  16.0
        D:5 |     741 |       0 |   0.0 |      10 |       0 |   0.0
            +---------+---------+-------+---------+---------+-------

Illustrated notes

Table legend:
 A = Kills in this place as a percentage of kills in entire the game.
 B = Kills by you in this place as a percentage of kills by you in the entire game.
 C = Kills by friends in this place as a percentage of kills by friends in the entire game.
 D = Other kills in this place as a percentage of other kills in the entire game.
 E = Experience gained in this place as a percentage of experience gained in the entire game.
 F = Experience gained in this place divided by the number of levels of this place that you have seen.
                   A       B       C       D       E      F
               +-------+-------+-------+-------+-------+----------------------
         Total | 100.0 | 100.0 |   N/A |   N/A | 100.0 | 441.2
       Dungeon | 100.0 | 100.0 |   N/A |   N/A | 100.0 | 441.2
               +-------+-------+-------+-------+-------+----------------------

Table legend: (Time is in decaauts)
 A = Elapsed time spent in this place.
 B = Non-inter-level travel time spent in this place.
 C = Inter-level travel time spent in this place.
 D = Time resting spent in this place.
 E = Time spent auto-exploring this place.
 F = Levels seen in this place.
 G = Mean time per level.
                   A        B        C        D        E       F      G
               +--------+--------+--------+--------+--------+-----+--------+
         Total |   3836 |   3795 |     41 |     68 |   3192 |   5 |  767.2 |
       Dungeon |   3836 |   3795 |     41 |     68 |   3192 |   5 |  767.2 |
               +--------+--------+--------+--------+--------+-----+--------+

Top non-repeatable levels by time:
     D:1: 1131 daAuts
     D:4: 973 daAuts
     D:3: 856 daAuts
     D:2: 711 daAuts
     D:5: 164 daAuts
